 Dungeon Crawl Stone Soup version 0.18-a0-1542-g9c1a92e (webtiles) character file.

54 glosham the Chopper (level 3, -4/31 HPs)
             Began as a Minotaur Chaos Knight on Mar 10, 2016.
             Slain by an iguana (9 damage)
             ... on level 3 of the Dungeon.
             The game lasted 00:05:53 (273 turns).

glosham the Chopper (Minotaur Chaos Knight)          Turns: 273, Time: 00:05:54

Health: -4/31      AC:  7    Str: 17    XL:     3   Next: 66%
Magic:  2/2        EV:  9    Int:  9    God:
Gold:   49         SH:  0    Dex:  9    Spells: 0 memorised, 2 levels left

rFire  . . .     SeeInvis .     a - +0 hand axe (chaos)
rCold  . . .     Gourm    .     X - +0 scale mail
rNeg   . . .     Faith    .     (no shield)
rPois  .         Spirit   .     (helmet restricted)
rElec  .         Dismiss  .     Y - +0 cloak
rCorr  .         Reflect  .     (no gloves)
SustAt .         Harm     .     (no boots)
MR     +....                    (no amulet)
Stlth  ..........               (no ring)
                                A - ring of protection from magic

@: somewhat resistant to hostile enchantments, extremely unstealthy
A: retaliatory headbutt, horns 2
a: no special abilities


You were on level 3 of the Dungeon.
You were not hungry.

You visited 1 branch of the dungeon, and saw 4 of its levels.

You collected 49 gold pieces.

Inventory:

Hand Weapons
 a - a +0 hand axe of chaos (weapon)
Missiles
 e - 33 stones (quivered)
 f - 13 poisoned bolts
Armour
 b - a +2 leather armour
 X - a +0 scale mail (worn)
 Y - a +0 cloak (worn)
Jewellery
 A - a ring of protection from magic (left hand)
Wands
 g - a wand of flame (16/48)
Scrolls
 i - a scroll of fog {unknown}
Potions
 d - 2 potions of lignification {unknown}
 h - a potion of agility {unknown}
Comestibles
 c - 2 bread rations


   Skills:
 - Level 3.6 Fighting
 * Level 5.6 Axes
 - Level 2.4 Armour
 - Level 1.1 Dodging


You had 2 spell levels left.
You didn't know any spells.

Dungeon Overview and Level Annotations

Branches:
Dungeon (4/15)
 Temple: D:4-7

Altars:


Innate Abilities, Weirdness & Mutations

You reflexively headbutt those who attack you in melee.
You have a pair of horns on your head.


Message History

The orc wizard closely misses you.
You hit the orc wizard.
You kill the orc wizard!
You have reached level 3!
Your experience leads to an increase in your attributes!
Increase (S)trength, (I)ntelligence, or (D)exterity?
You feel stronger.
You closely miss the orc. Your headbutt misses the orc.
The orc is severely wounded.
The orc hits you but does no damage.
You hit the orc. You freeze the orc.
You kill the orc!
i - a scroll labeled ONWOISI QOUXT An ogre comes into view.
It is wielding a giant spiked club.
The ogre shouts!
Items here: ))) [ ††
Okay, then.
Found a yellow potion.
An adder comes into view.
There is a stone staircase leading up here.
You climb upwards.
There is a stone staircase leading down here.
There is a stone staircase leading down here.
You climb downwards.
An iguana and a hound come into view.
The hound barks!
The iguana hisses angrily.
The iguana barely misses you.
An adder comes into view.
There is a stone staircase leading up here.
The iguana bites you!
* * * LOW HITPOINT WARNING * * *
The hound bites you but does no damage.
You climb upwards.
There is a stone staircase leading down here.
You barely miss the iguana. Your headbutt misses the iguana.
The iguana completely misses you.
You hit the iguana but do no damage. You headbutt the iguana!
The iguana is heavily wounded.
The iguana bites you!
You die...

########### ..........##
...........#######
.................#######
............####@l......
............# #########
............#
............#
............##
......>.......#
..............#
####..........#
####..........#


You could see an iguana.

Vanquished Creatures
  An orc wizard (D:4)
  An adder (D:3)
  A dart slug (D:2)
  A giant gecko (D:1)
  2 orcs (D:4)
  4 jackals (D:3)
  A quokka (D:3)
  A giant newt (D:4)
12 creatures vanquished.

Notes
Turn   | Place    | Note
--------------------------------------------------------------
     0 | D:1      | glosham the Minotaur Chaos Knight began the quest for the Orb.
     0 | D:1      | Reached XP level 1. HP: 19/19 MP: 0/0
     0 | D:1      | Fell from the grace of Xom
    58 | D:2      | Reached skill level 4 in Axes
   153 | D:3      | Reached XP level 2. HP: 26/26 MP: 1/1
   224 | D:4      | Reached skill level 5 in Axes
   234 | D:4      | Reached XP level 3. HP: 11/31 MP: 2/2
   242 | D:4      | Noticed an ogre
   273 | D:3      | Slain by an iguana

Vault maps used:
D:1:      eino_arrival_water_cross, lemuel_another_geyser
D:2:      fedhas_altar_2, lemuel_round_altar
D:3:      lightli_temple_of_fire, lemuel_crystal_altar, first_bread,
          due_unseen_surprise
D:4:      lemuel_doored_altar, nicolae_overflow_crystal_walls,
          marbit_many_paths, serial_shops, shop, uniq_edmund

Skill      XL: |  1  2 |
---------------+-------+-----
Axes           | 4 5 |  5.6
Fighting       | |  3.6
Armour         | |  2.4
Dodging        | |  1.1

Action                   || total
-------------------------++-------
Melee: Hand axe          ||    42
Invok: Renounce Religion ||     1
 Stab: Paralysed         ||     1

Table legend:
 A = Turns spent in this place as a percentage of turns spent in the entire game.
 B = Non-inter-level travel turns spent in this place as a percentage of non-inter-level travel turns spent in the entire game.
 C = Inter-level travel turns spent in this place as a percentage of turns spent in this place.
 D = Turns resting spent in this place as a percentage of non-inter-level travel turns spent in this place.
 E = Turns spent auto-exploring this place as a percentage of non-inter-level travel turns spent in this place.
 F = Non-inter-level travel turns spent in this place divided by the number of levels of this place that you've seen.
                   A       B       C       D       E      F
               +-------+-------+-------+-------+-------+----------------------
         Total | 100.0 | 100.0 |   0.0 |   0.0 |   0.0 |  63.8
       Dungeon | 100.0 | 100.0 |   0.0 |   0.0 |   0.0 |  63.8
               +-------+-------+-------+-------+-------+----------------------

Table legend:
 A = Kills in this place as a percentage of kills in entire the game.
 B = Kills by you in this place as a percentage of kills by you in the entire game.
 C = Kills by friends in this place as a percentage of kills by friends in the entire game.
 D = Other kills in this place as a percentage of other kills in the entire game.
 E = Experience gained in this place as a percentage of experience gained in the entire game.
 F = Experience gained in this place divided by the number of levels of this place that you have seen.
                   A       B       C       D       E      F
               +-------+-------+-------+-------+-------+----------------------
         Total | 100.0 | 100.0 |  -nan |  -nan | 100.0 |  19.5
       Dungeon | 100.0 | 100.0 |  -nan |  -nan | 100.0 |  19.5
               +-------+-------+-------+-------+-------+----------------------

Vault maps used:
D:1:      eino_arrival_water_cross, lemuel_another_geyser
D:2:      fedhas_altar_2, lemuel_round_altar
D:3:      lightli_temple_of_fire, lemuel_crystal_altar, first_bread,
          due_unseen_surprise
D:4:      lemuel_doored_altar, nicolae_overflow_crystal_walls,
          marbit_many_paths, serial_shops, shop, uniq_edmund
